 Dungeon Crawl Stone Soup version 0.22-a0-3-g4fa69d9 (webtiles) character file.

4082 SpeedyPerson7 the Cleaver (level 10, -12/136 HPs)
             Began as a Minotaur Berserker on Jan 1, 2018.
             Was an Elder of Trog.
             Mangled by an orc warrior
             ... wielding a cursed -3 flail
              (15 damage)
             ... on level 8 of the Dungeon.
             The game lasted 00:05:07 (6166 turns).

SpeedyPerson7 the Cleaver (Minotaur Berserker)      Turns: 6166, Time: 00:05:07

Health: -12/136    AC: 13    Str: 31    XL:     10   Next: 5%
Magic:  0/9        EV:  7    Int:  4    God:    Trog [****..]
Gold:   436        SH: 12    Dex:  9    Spells: 9/9 levels left

rFire    . . .     SeeInvis .   A - +0 war axe
rCold    + + .     Gourm    .   r - +0 shield
rNeg     . . .     Faith    .   G - +1 plate armour of Amelioration {rC+}
rPois    .         Spirit   +   g - +0 hat
rElec    .         Reflect  .   (no cloak)
rCorr    .         Harm     .   (no gloves)
MR       .....                  w - +0 pair of boots
Stlth    ..........             z - amulet of guardian spirit
HPRegen  0.32/turn              (no ring)
MPRegen  0.11/turn              C - ring of protection from cold

@: berserking (expiring), very quick
A: retaliatory headbutt, horns 2
a: Berserk, Trog's Hand, Brothers in Arms, Burn Spellbooks, Renounce Religion


You were on level 8 of the Dungeon.
You worshipped Trog.
Trog was greatly pleased with you.
You were very hungry.

You visited 1 branch of the dungeon, and saw 8 of its levels.

You collected 436 gold pieces.

Inventory:

Hand Weapons
 a - a +0 hand axe
 A - a +0 war axe (weapon)
Missiles
 q - a throwing net (quivered) {!f}
Armour
 g - a +0 hat (worn)
 r - a +0 shield (worn)
 w - a +0 pair of boots (worn)
 G - the +1 plate armour of Amelioration (worn) {rC+}
   (You found it on level 7 of the Dungeon)

   It protects you from cold.
Jewellery
 z - an amulet of guardian spirit (around neck)
 C - a ring of protection from cold (right hand)
 I - an uncursed ring of fire
Wands
 s - a wand of enslavement (4)
 H - a wand of digging (13)
Scrolls
 c - a scroll of blinking {unknown}
 d - 5 scrolls of amnesia {unknown}
 f - 2 scrolls of fog {unknown}
 h - 3 scrolls of remove curse {unknown}
 i - 9 scrolls of identify {unknown}
 k - 2 scrolls of immolation {unknown}
 m - 2 scrolls of enchant weapon {unknown}
 n - 4 scrolls of teleportation {unknown}
 p - a scroll of enchant armour {unknown}
 y - a scroll of random uselessness {unknown}
 F - a scroll of holy word {unknown}
Potions
 j - a potion of degeneration {unknown}
 l - a potion of agility {unknown}
 t - 2 potions of might {unknown}
 u - 3 potions of lignification {unknown}
 v - a potion of flight {unknown}
 x - 2 potions of heal wounds {unknown}
 B - a potion of haste {unknown}
 D - 2 potions of brilliance {unknown}
 E - 4 potions of curing {unknown}
Comestibles
 b - a chunk of flesh
 e - 13 rations


   Skills:
 + Level 9.5 Fighting
 * Level 12.6 Axes
 - Level 2.4 Armour
 - Level 2.1 Dodging
 + Level 8.3 Shields


You had 9 spell levels left.
You didn't know any spells.

Dungeon Overview and Level Annotations

Branches:
Dungeon (8/15)             Temple (0/1) D:6
   Lair: D:8-11

Altars:
Ashenzari
Cheibriados
Kikubaaqudgha
Zin

Shops:
D:7 [


Innate Abilities, Weirdness & Mutations

You reflexively headbutt those who attack you in melee.
You have a pair of horns on your head.


Message History

Reactivating autopickup.
You feel a bit more experienced. The orc hits you but does no damage.
The orc warrior hits you with a flail.
* * * LOW HITPOINT WARNING * * *
Your shield and plate armour of Amelioration prevent you from hitting the orc warrior.
The orc warrior is severely wounded.
You closely miss the orc warrior. Your headbutt misses the orc warrior.
The orc warrior is severely wounded.
The orc hits you from afar with a trident.
* * * LOW HITPOINT WARNING * * *
The orc warrior hits you but does no damage.
You closely miss the orc warrior.
The orc warrior is severely wounded.
You hit the orc warrior but do no damage.
Your headbutt misses the orc warrior.
The orc warrior is severely wounded.
The orc hits you from afar with a trident.
* * * LOW HITPOINT WARNING * * *
The orc warrior hits you with a flail!
You die...

#......## #... #.......#
##.. #.......### ##. ###
##........######. ###..#
#........>...#.. ......#
#..............#
.<.....##...............
......))#...............
......)@)...............
.....oo.....(...........
........................
..../........##.........
............###.........
...........##
#........### #....#..##


You could see an orc warrior and an orc.

Vanquished Creatures
  2 two-headed ogres (D:8)
  2 hippogriffs (D:7)
  Grinder (D:6)
  A wyvern (D:8)
  Menkaure (D:6)
  Edmund (D:6)
  Duvessa (D:6)
  A water moccasin (D:7)
  An orc warrior (D:6)
  3 sky beasts
  2 ogres
  The ghost of Regeox the Cudgeler, an amateur DsGl (D:3)
  A centaur (D:7)
  A bullfrog (D:6)
  A scorpion (D:6)
  Dowan (D:6)
  3 howler monkeys (D:7)
  A centaur zombie (D:5)
  2 crimson imps
  A bullfrog zombie (D:5)
  An orc priest (D:4)
  4 orc wizards
  A gnoll shaman (D:7)
  A bullfrog skeleton (D:6)
  An iguana (D:4)
  2 worker ants
  A worker ant zombie (D:5)
  5 gnolls (D:7)
  8 adders
  A shadow imp (D:5)
  3 oozes
  An adder zombie (D:5)
  5 worms
  4 dart slugs
  A leopard gecko (D:7)
  17 orcs
  2 giant cockroaches
  8 goblins
  5 hobgoblins
  18 jackals
  A quokka (D:6)
  A ball python (D:3)
  10 bats
  7 frilled lizards
  A giant cockroach zombie (D:5)
  7 kobolds
  A quokka zombie (D:7)
  9 rats
154 creatures vanquished.

Notes
Turn   | Place    | Note
-------+----------+-------------------------------------------
     0 | D:1      | SpeedyPerson7 the Minotaur Berserker began the quest for the Orb.
     0 | D:1      | Reached XP level 1. HP: 19/19 MP: 0/0
    43 | D:1      | Reached skill level 4 in Axes
    62 | D:1      | Reached XP level 2. HP: 27/27 MP: 1/1
   732 | D:2      | Reached XP level 3. HP: 32/33 MP: 2/2
   754 | D:2      | Reached ** piety under Trog
   859 | D:2      | Reached skill level 5 in Axes
  1707 | D:3      | Reached XP level 4. HP: 39/41 MP: 3/3
  1810 | D:3      | Reached skill level 1 in Shields
  1817 | D:3      | Found a snail-covered altar of Cheibriados.
  1817 | D:3      | Reached *** piety under Trog
  1829 | D:3      | Noticed Regeox's ghost (amateur DsGl)
  2094 | D:3      | Killed Regeox's ghost
  2094 | D:3      | Reached skill level 5 in Fighting
  2094 | D:3      | Reached skill level 6 in Axes
  2094 | D:3      | Reached XP level 5. HP: 48/48 MP: 4/4
  2423 | D:3      | Found an ancient bone altar of Kikubaaqudgha.
  2425 | D:3      | Found a shattered altar of Ashenzari.
  2729 | D:4      | Reached XP level 6. HP: 38/56 MP: 5/5
  3293 | D:5      | Entered Level 5 of the Dungeon
  3366 | D:5      | Reached skill level 7 in Axes
  3454 | D:5      | Noticed a sky beast
  3463 | D:5      | Killed a sky beast
  3563 | D:5      | Reached **** piety under Trog
  3573 | D:5      | Reached XP level 7. HP: 61/62 MP: 6/6
  3746 | D:5      | Found a glowing silver altar of Zin.
  4146 | D:6      | Reached skill level 8 in Axes
  4210 | D:6      | Noticed Edmund
  4211 | D:6      | Noticed Menkaure
  4216 | D:6      | Killed Menkaure
  4218 | D:6      | Killed Edmund
  4231 | D:6      | Reached XP level 8. HP: 48/71 MP: 7/7
  4260 | D:6      | Reached skill level 9 in Axes
  4260 | D:6      | Reached skill level 5 in Shields
  4486 | D:6      | Noticed Duvessa
  4486 | D:6      | Noticed Dowan
  4498 | D:6      | Killed Dowan
  4504 | D:6      | Killed Duvessa
  5262 | D:6      | Found a staircase to the Ecumenical Temple.
  5262 | D:6      | Noticed Grinder
  5267 | D:6      | Paralysed by Grinder for 3 turns
  5278 | D:6      | Killed Grinder
  5278 | D:6      | Reached skill level 10 in Axes
  5313 | D:7      | Noticed a hippogriff
  5331 | D:7      | Killed a hippogriff
  5374 | D:7      | Found Kak Jer's Antique Armour Shoppe.
  5553 | D:7      | Reached XP level 9. HP: 76/81 MP: 8/8
  5598 | D:7      | Reached skill level 11 in Axes
  5839 | D:7      | Got a sapphire-encrusted plate armour
  5850 | D:7      | Identified the +1 plate armour of Amelioration {rC+} (You found it on level 7 of the Dungeon)
  6149 | D:8      | Noticed a two-headed ogre
  6149 | D:8      | Noticed a two-headed ogre
  6156 | D:8      | Killed a two-headed ogre
  6156 | D:8      | Reached skill level 12 in Axes
  6161 | D:8      | Killed a two-headed ogre
  6161 | D:8      | Reached XP level 10. HP: 13/91 MP: 0/9
  6164 | D:8      | HP: 4/136 [orc/trident (5)]
  6166 | D:8      | Mangled by an orc warrior

Vault maps used:
D:1:      mrwooster_arrival_arrow
D:3:      cheibriados_altar_1, nicolae_overflow_hidden_temple
D:4:      first_ration
D:5:      lemuel_crystal_altar, serial_undead, serial_undead_e, serial_undead_d,
          serial_undead_d, serial_undead_c
D:6:      minmay_temple_entry_fiery, st_stairs_12, uniq_grinder, uniq_duvessa,
          uniq_edmund, uniq_menkaure
D:7:      serial_shops, shop
D:8:      nicolae_qazlal_eye_of_the_storm

Skill      XL: |  1  2  3  4  5  6  7  8  9 |
---------------+----------------------------+-----
Axes           | 4 5 6 7 8 10 12 | 12.6
Fighting       | 4 5 6 8 9 |  9.5
Shields        | 2 3 4 6 8 |  8.3
Armour         | |  2.4
Dodging        | |  2.1

Action                   |  1- 3 |  4- 6 |  7- 9 | 10-12 || total
-------------------------+-------+-------+-------+-------++-------
Melee: Hand axe          |   102 |    64 |       |       ||   166
       Headbutt          |    16 |    22 |    33 |       ||    71
       War axe           |       |    75 |   185 |     5 ||   265
Invok: Berserk           |       |     3 |     6 |       ||     9
  Eat: Chunk             |     3 |     8 |    10 |       ||    21
       Ration            |       |       |     1 |       ||     1
Armor: Animal skin       |     8 |       |       |       ||     8
       Plate armour      |    32 |    73 |   100 |     3 ||   208
Dodge: Dodged            |    47 |    25 |    30 |       ||   102
Block: Shield            |     8 |    71 |   102 |       ||   181

Table legend:
 A = Spawn XP
 B = Non-spawn XP
 C = Spawn XP percentage of total XP
 D = Spawn monster count
 E = Non-spawn monster count
 F = Spawn count percentage of total count
 G = Total turns spent on level
                    A         B        C        D         E        F      G
               +---------+---------+-------+---------+---------+-------+---------
         Total |       0 |    5832 |   0.0 |       0 |     154 |   0.0 |  6166
               +---------+---------+-------+---------+---------+-------+---------
           D:1 |       0 |      32 |   0.0 |       0 |      17 |   0.0 |   649
           D:2 |       0 |      54 |   0.0 |       0 |      23 |   0.0 |   939
           D:3 |       0 |     248 |   0.0 |       0 |      32 |   0.0 |   917
           D:4 |       0 |     190 |   0.0 |       0 |      18 |   0.0 |   788
           D:5 |       0 |     394 |   0.0 |       0 |      13 |   0.0 |   769
           D:6 |       0 |    1368 |   0.0 |       0 |      21 |   0.0 |  1244
           D:7 |       0 |    1414 |   0.0 |       0 |      23 |   0.0 |   742
           D:8 |       0 |    2132 |   0.0 |       0 |       7 |   0.0 |   118
               +---------+---------+-------+---------+---------+-------+---------
